 Dungeon Crawl Stone Soup version 0.24.0-123-gd5b16e6ec5 (webtiles) character file.

Game seed: 2708927537463518080, levelgen mode: deterministic

155 Opti87 the Chopper (level 5, -14/47 HPs)
             Began as a Hill Orc Monk on Dec 27, 2019.
             Engulfed by a cloud of flame (15 damage)
             ... on level 3 of the Dungeon on Dec 29, 2019.
             The game lasted 00:10:25 (2680 turns).

Opti87 the Chopper (Hill Orc Monk)                  Turns: 2680, Time: 00:10:26

Health: -14/47     AC:  5    Str: 15      XL:     5   Next: 37%
Magic:  5/5        EV: 11    Int:  9 (10) God:
Gold:   112        SH:  0    Dex: 13      Spells: 4/4 levels left

rFire    . . .     SeeInvis .   a - +0 hand axe
rCold    . . .     Gourm    .   (no shield)
rNeg     . . .     Faith    .   f - +0 ring mail
rPois    .         Spirit   .   (no helmet)
rElec    .         Reflect  .   (no cloak)
rCorr    .         Harm     .   (no gloves)
MR       .....                  (no boots)
Stlth    +.........             (no amulet)
HPRegen  0.15/turn              (no ring)
MPRegen  0.09/turn              (no ring)

@: hasted, very quick
A: no striking features
a: no special abilities


You were on level 3 of the Dungeon.
You were near starving.

You visited 1 branch of the dungeon, and saw 3 of its levels.

You collected 112 gold pieces.

Inventory:

Hand Weapons
 a - a +0 hand axe (weapon)
Armour
 b - a +0 robe
 f - a +0 ring mail (worn)
Jewellery
 i - an uncursed ring of positive energy {unknown}
 j - a cursed ring of teleportation {unknown}
 q - an uncursed ring of magical power {unknown}
Potions
 o - a potion of flight {unknown}
 p - 2 potions of curing {unknown}
Comestibles
 c - 3 rations


   Skills:
 + Level 4.7 Fighting
 * Level 6.2 Axes
 + Level 2.4 Armour
 - Level 2.4 Dodging
 - Level 1.5 Stealth


You had 4 spell levels left.
You didn't know any spells.
Your spell library was empty.

Dungeon Overview and Level Annotations

Branches:
Dungeon (3/15)

Altars:
Hepliaklqana


Message History

You bump into the rock wall.
The orc barely misses you.
You feel less invigorated.
You feel less confused.
You barely miss the orc. You hit the orc but do no damage.
The orc hits you but does no damage.
You closely miss the orc. The orc completely misses you.
You hit the orc.
The orc is moderately wounded.
You hit the orc.
The orc is almost dead.
You hit the worm. The orc hits you with a +0 whip.
You hit the orc.
The orc explodes!
The fiery explosion engulfs you!!
Ouch! That really hurt!
* * * LOW HITPOINT WARNING * * *
The fiery explosion engulfs the worm.
The worm is heavily wounded.
You hit the worm but do no damage.
You are engulfed in blazing flames.
You die...

#.....÷.##.###.# #.........#
#.......##.###.# #.##.#.##.#
####.#####.....# #.##.#.##,*
#.# #########.##....#,# #.#
#...%.##......<#.# #.#
#...%.##.........# #.#
#.....##.......### #.#
#.§§§.###.....## #.#
#.@§§%..#.....# #.#
##§w§##.###.### #.#
########.# #.# #.# #...w†o..#
#.# #.# #.#####..#*#.#
##.#####.##.........#******
##...o...o.......###..,,,,,,
##...#####..#......,,,**,**,*
*#.###)##
#........##,,**,*,,,


You could see a worm.

Vanquished Creatures
  An orc wizard (D:3)
  Robin (D:2)
  4 adders
  3 worms
  2 dart slugs (D:1)
  3 orcs (D:3)
  5 bats
  3 giant cockroaches (D:1)
  12 goblins (D:2)
  15 hobgoblins
  A quokka (D:2)
  A ball python (D:3)
  4 frilled lizards
  3 kobolds
  2 rats
60 creatures vanquished.

Notes
Turn   | Place    | Note
-------+----------+-------------------------------------------
     0 | D:1      | Opti87 the Hill Orc Monk began the quest for the Orb.
     0 | D:1      | Reached XP level 1. HP: 19/19 MP: 1/1
   310 | D:1      | Reached XP level 2. HP: 26/27 MP: 2/2
   507 | D:1      | Reached skill level 1 in Armour
   860 | D:1      | Reached XP level 3. HP: 33/33 MP: 3/3
   927 | D:1      | You fall into a shaft and drop 1 floor!
  1143 | D:2      | Found a hazy altar of Hepliaklqana.
  1204 | D:2      | Reached skill level 5 in Axes
  1602 | D:2      | Reached XP level 4. HP: 40/40 MP: 4/4
  1633 | D:2      | Noticed Robin
  1656 | D:2      | Killed Robin
  2235 | D:3      | Reached XP level 5. HP: 30/47 MP: 5/5
  2609 | D:3      | Reached skill level 6 in Axes
  2680 | D:3      | HP: 1/47 [orc/exploding inner flame[the player character]
                  | (28)]
  2680 | D:3      | Engulfed by a cloud of flame

Levels and vault maps discovered:
D:1:      evilmike_arrival_crescent, layout_basic, kennysheep_doodads
D:2:      layout_loops_cross, lemuel_doored_altar, uniq_robin
D:3:      layout_loops_cross, led_xom_imps, ashenzari_altar_1

Skill      XL: |  1  2  3  4  5 |
---------------+----------------+-----
Armour         | 1 2 |  2.4
Fighting       | 4 |  4.7
Axes           | 5 6 |  6.2
Dodging        | |  2.4
Stealth        | |  1.5

Action                   |  1- 3 |  4- 6 || total
-------------------------+-------+-------++-------
Melee: Hand axe          |    97 |   163 ||   260
  Use: Potion            |       |     6 ||     6
       Scroll            |       |     5 ||     5
 Stab: Sleeping          |     3 |       ||     3
  Eat: Chunk             |     1 |     3 ||     4
Armor: Robe              |     5 |       ||     5
       Ring mail         |    21 |    45 ||    66
       Skin              |       |     3 ||     3
Dodge: Dodged            |    54 |    92 ||   146
